WCHLSIM.com - West Coast Hockey League
html PUBLIC "-//W3C//DTD XHTML 1.0 Transitional//EN" "http://www.w3.org/TR/xhtml1/DTD/xhtml1-transitional.dtd"> WCHL - Game 791 - PORTLAND PIRATES vs SALEM BLACK JAYS

PORTLAND PIRATES vs SALEM BLACK JAYS

Created - 9 février 2020 at 10:12

Goals
1 2 3 T
PORTLAND PIRATES 1 1 2 4
SALEM BLACK JAYS 1 1 0 2
Shots
1 2 3 T
PORTLAND PIRATES 7 7 5 19
SALEM BLACK JAYS 13 6 4 23

1st period

1. PORTLAND PIRATES , Yanni Gourde 21 (Thomas Chabot 24, Rickard Rakell 16) at 4:19
2. SALEM BLACK JAYS , Mitchell Marner 34 (Dylan Larkin 35, Anthony DeAngelo 1) at 10:06 (PP)

Penalties :
Travis Hamonic (POR) for High sticking (Double Minor) at 9:20, Mathew Barzal (SAL) for Roughing (Minor) at 14:18, Martin Necas (SAL) for Hooking (Minor) at 16:19

2nd period

3. PORTLAND PIRATES , Travis Hamonic 1 (Rickard Rakell 17, Eric Staal 27) at 11:07
4. SALEM BLACK JAYS , Dylan Larkin 24 (Mitchell Marner 30, Scott Mayfield 11) at 11:44

Penalties :
Matthew Calvert (SAL) for Tripping (Minor) at 2:57

3rd period

5. PORTLAND PIRATES , Jonathan Toews 28 (Travis Konecny 15, Travis Hamonic 5) at 1:24
6. PORTLAND PIRATES , Jonathan Toews 29 (Brian Dumoulin 9, Rasmus Ristolainen 32) at 19:54 (Empty Net)

Penalties :
Joshua Morrissey (SAL) for Unsportsmanlike conduct (Minor) at 1:59, Eric Staal (POR) for Roughing (Minor) at 4:37, Brian Dumoulin (POR) for Tripping (Minor) at 10:56

Goalie Stats

Henrik Lundqvist (POR), 21 saves from 23 shots - (0,913), W, 23-12-3, 60:00 minutes
Mike Smith (SAL), 15 saves from 18 shots - (0,833), L, 24-18-3, 59:06 minutes

Players Stats for PORTLAND PIRATES

Player Name              G  A  P  +/- PIM S  H  SB GA TA FO     MP     PP MP  PK MP  
------------------------------------------------------------------------------------
Aaron Ness               0  0  0   0  0   0  1  0  0  0  0/0     4:19   0:00   2:28 
Alec Martinez            0  0  0   0  0   0  0  0  0  0  0/0    13:15   0:00   0:00 
Alex Chiasson            0  0  0   0  0   1  0  0  0  0  0/0    18:35   3:21   0:00 
Brett Connolly           0  0  0   0  0   0  1  0  0  0  1/2    15:38   4:10   0:00 
Brett Pesce              0  0  0  -1  0   0  0  1  0  0  0/0    18:12   0:00   3:32 
Brian Dumoulin           0  1  1   1  2   1  3  2  0  0  0/0    17:36   0:00   2:20 
Eric Staal               0  1  1   2  2   2  0  0  0  0  11/19  18:03   3:30   1:41 
Jason Dickinson          0  0  0   0  0   0  0  1  0  0  1/6     5:47   0:00   0:35 
Jonathan Toews           2  0  2   1  0   6  1  1  0  0  13/23  20:14   4:26   0:00 
Mike Hoffman             0  0  0   0  0   1  0  0  0  0  1/1    21:29   4:26   0:00 
Pavel Zacha              0  0  0   0  0   0  0  0  0  0  2/10   15:23   3:55   0:00 
Rasmus Ristolainen       0  1  1   0  0   1  3  1  0  0  0/0    22:18   3:55   3:32 
Rickard Rakell           0  2  2   2  0   2  2  0  0  0  0/0    20:50   3:30   4:27 
Thomas Chabot            0  1  1   3  0   0  1  2  0  0  0/0    19:25   4:01   0:00 
Travis Hamonic           1  1  2   3  4   1  1  1  0  0  0/0    16:57   0:00   1:34 
Travis Konecny           0  1  1   0  0   2  4  0  0  0  0/0    19:52   4:26   0:00 
William Carrier          0  0  0   1  0   0  1  0  0  0  0/0     7:50   0:00   2:16 
Yanni Gourde             1  0  1   3  0   2  1  0  0  0  6/8    17:31   0:00   4:27 

Players Stats for SALEM BLACK JAYS

Player Name              G  A  P  +/- PIM S  H  SB GA TA FO     MP     PP MP  PK MP  
------------------------------------------------------------------------------------
Adam Larsson             0  0  0  -1  0   0  1  0  0  0  0/0    15:14   0:30   0:00 
Anthony DeAngelo         0  1  1  -1  0   0  0  1  0  0  0/0     7:50   2:54   1:35 
Casey Cizikas            0  0  0  -1  0   2  1  0  0  0  5/8    11:00   0:00   0:00 
Cody Ceci                0  0  0  -1  0   2  1  0  0  0  0/0    21:18   3:19   4:47 
Dylan Larkin             1  1  2   1  0   7  3  0  0  0  12/23  21:27   3:41   2:57 
Jason Demers             0  0  0  -1  0   0  0  1  0  0  0/0    14:44   0:00   0:00 
Joshua Morrissey         0  0  0  -2  2   0  1  0  0  0  0/0    23:00   3:24   3:04 
Kyle Clifford            0  0  0  -1  0   0  0  0  0  0  0/0     4:44   0:00   0:00 
Marcus Johansson         0  0  0  -1  0   1  3  0  0  0  0/1    18:14   3:02   0:00 
Martin Necas             0  0  0  -2  2   1  0  0  0  0  1/2    11:10   0:00   0:00 
Mathew Barzal            0  0  0  -1  2   4  0  0  0  0  11/19  18:18   3:02   0:06 
Matthew Calvert          0  0  0   1  2   2  2  0  0  0  0/2    18:29   3:41   0:00 
Michal Kempny            0  0  0   0  0   0  2  0  0  0  0/0    20:32   3:19   3:09 
Mikko Rantanen           0  0  0  -2  0   2  1  0  0  0  3/8    23:17   3:02   4:53 
Mitchell Marner          1  1  2   1  0   1  0  0  0  0  0/1    23:29   3:41   4:59 
Par Lindholm             0  0  0  -3  0   1  1  0  0  0  1/4    17:43   0:00   2:57 
Scott Mayfield           0  1  1   0  0   0  0  1  0  0  0/0    17:21   0:00   3:17 
Trevor Lewis             0  0  0  -1  0   0  0  0  0  0  1/1     4:10   0:00   0:00 

3 Stars

1 - Jonathan Toews (POR)
2 - Yanni Gourde (POR)
3 - Rickard Rakell (POR)

Power Play

PORTLAND PIRATES - 0 on 4 Attempt(s) - 0,00%
SALEM BLACK JAYS - 1 on 4 Attempt(s) - 25,00%

Penalty Kill

PORTLAND PIRATES - 3 on 4 Attempt(s) - 75,00% - Score 0 goal in Penalty Kill
SALEM BLACK JAYS - 4 on 4 Attempt(s) - 100,00% - Score 0 goal in Penalty Kill

Team Stat

PORTLAND PIRATES - Hits : 19 - Faceoff Wins : 35 - Blocked Shots : 9 - Penalty Minutes : 8
SALEM BLACK JAYS - Hits : 16 - Faceoff Wins : 34 - Blocked Shots : 3 - Penalty Minutes : 8

Official

Referees : Ryan Fraser and Dan O'Rourke
Linesman : Devin Berg and Brendan Blanchard

Game Notes

Jonathan Toews has scored in a empty net!

Finance

Level 1 -- Attendance: 5813 (96,88%) -- Ticket Income 639 430 $
Level 2 -- Attendance: 5000 (100,00%) -- Ticket Income 350 000 $
Level 3 -- Attendance: 2000 (100,00%) -- Ticket Income 90 000 $
Level 4 -- Attendance: 4000 (100,00%) -- Ticket Income 140 000 $
Luxury Box -- Attendance: 1000 (100,00%) -- Ticket Income 210 000 $
Game was played at the Demon Arena.
Total Attendance: 17813 (98,96%)
Total Ticket Income: 1 429 430 $
Other Income: 428 829 $
Total Income: 1 858 259 $

PORTLAND PIRATES

5 vs 5 Forward 
   Center                   Left Wing                Right Wing               Time % Phy DF OF 
 1 Jonathan Toews           Mike Hoffman             Travis Konecny           33     0   1  4  
 2 Eric Staal               Yanni Gourde             Rickard Rakell           33     0   1  4  
 3 Pavel Zacha              Brett Connolly           Alex Chiasson            27     0   2  3  
 4 Jason Dickinson          William Carrier          Alex Chiasson            7      1   2  2  

5 vs 5 Defense 
   Defense                  Defense                                           Time % Phy DF OF 
 1 Brett Pesce              Rasmus Ristolainen                                34     0   4  1  
 2 Travis Hamonic           Thomas Chabot                                     34     0   4  1  
 3 Brian Dumoulin           Alec Martinez                                     27     0   4  1  
 4 Brian Dumoulin           Aaron Ness                                        5      0   3  2  

PowerPlay Forward 
   Center                   Left Wing                Right Wing               Time % Phy DF OF 
 1 Jonathan Toews           Mike Hoffman             Travis Konecny           60     0   1  4  
 2 Eric Staal               Brett Connolly           Rickard Rakell           40     0   1  4  

PowerPlay Defense
   Defense                  Defense                                           Time % Phy DF OF 
 1 Thomas Chabot            Brett Connolly                                    60     0   1  4  
 2 Rasmus Ristolainen       Pavel Zacha                                       40     0   1  4  

Penalty Kill 4 Players Forward 
   Center                   Wing                     Time % Phy DF OF 
 1 Yanni Gourde             Rickard Rakell           60     0   5  0  
 2 Eric Staal               William Carrier          40     0   5  0  

Penalty Kill 4 Players Defense
   Defense                  Defense                  Time % Phy DF OF 
 1 Brian Dumoulin           Travis Hamonic           60     0   5  0  
 2 Rasmus Ristolainen       Brett Pesce              40     0   5  0  

Penalty Kill - 3 Players Forward 
   Forward                                           Time % Phy DF OF 
 1 Yanni Gourde                                      60     0   5  0  
 2 William Carrier                                   40     0   5  0  

Penalty Kill - 3 Players Defense
   Defense                  Defense                  Time % Phy DF OF 
 1 Brian Dumoulin           Travis Hamonic           60     0   5  0  
 2 Alec Martinez            Brett Pesce              40     0   5  0  

4 vs 4 Forward 
   Center                   Wing                     Time % Phy DF OF 
 1 Rickard Rakell           Mike Hoffman             60     0   2  3  
 2 Pavel Zacha              Travis Konecny           40     0   2  3  

4 vs 4 Defense
   Defense                  Defense                  Time % Phy DF OF 
 1 Thomas Chabot            Rasmus Ristolainen       60     0   2  3  
 2 Brian Dumoulin           Aaron Ness               40     0   3  2  

Last Minutes Offensive
   Center                   Left Wing                Right Wing               Defense                  Defense                  
   Jonathan Toews           Travis Konecny           Mike Hoffman             Thomas Chabot            Rasmus Ristolainen       

Last Minutes Defensive
   Center                   Left Wing                Right Wing               Defense                  Defense                  
   Jonathan Toews           William Carrier          Yanni Gourde             Brian Dumoulin           Rasmus Ristolainen       

Goaltenders
Starting : Henrik Lundqvist         
Backup : Anders Nilsson           

Extra Forwards
Normal : Alex Chiasson, Pavel Zacha, Jason Dickinson - PP : Alex Chiasson, Yanni Gourde - PK : Jason Dickinson
Extra Defensemen
Normal : Aaron Ness, Travis Hamonic, Brian Dumoulin - PP : Brian Dumoulin - PK : Aaron Ness, Thomas Chabot
Penalty Shots
Jonathan Toews, Eric Staal, Mike Hoffman, Alex Chiasson, Travis Konecny
Custom OT Lines Forwards
Jonathan Toews, Eric Staal, Travis Konecny, Mike Hoffman, Rickard Rakell, Yanni Gourde, Alex Chiasson, Pavel Zacha, Brett Connolly, Jason Dickinson
Custom OT Lines Defensemen
Thomas Chabot, Rasmus Ristolainen, Brett Pesce, Brian Dumoulin, Alec Martinez

Scratches
Zach Nastasiuk (Healthy), Gabriel Landeskog (Lacerated Left Calf Injury), Cam Ward (Sprained Left Ankle Injury)

SALEM BLACK JAYS

5 vs 5 Forward 
   Center                   Left Wing                Right Wing               Time % Phy DF OF 
 1 Dylan Larkin             Matthew Calvert          Mitchell Marner          36     1   2  2  
 2 Mathew Barzal            Marcus Johansson         Mikko Rantanen           36     1   2  2  
 3 Casey Cizikas            Par Lindholm             Martin Necas             20     1   2  2  
 4 Par Lindholm             Kyle Clifford            Trevor Lewis             8      3   2  0  

5 vs 5 Defense 
   Defense                  Defense                                           Time % Phy DF OF 
 1 Joshua Morrissey         Cody Ceci                                         36     1   2  2  
 2 Michal Kempny            Scott Mayfield                                    31     1   2  2  
 3 Jason Demers             Adam Larsson                                      23     1   2  2  
 4 Joshua Morrissey         Anthony DeAngelo                                  10     1   2  2  

PowerPlay Forward 
   Center                   Left Wing                Right Wing               Time % Phy DF OF 
 1 Dylan Larkin             Matthew Calvert          Mitchell Marner          55     1   2  2  
 2 Mathew Barzal            Marcus Johansson         Mikko Rantanen           45     1   2  2  

PowerPlay Defense
   Defense                  Defense                                           Time % Phy DF OF 
 1 Joshua Morrissey         Anthony DeAngelo                                  55     1   2  2  
 2 Cody Ceci                Michal Kempny                                     45     1   2  2  

Penalty Kill 4 Players Forward 
   Center                   Wing                     Time % Phy DF OF 
 1 Mikko Rantanen           Mitchell Marner          55     1   2  2  
 2 Dylan Larkin             Par Lindholm             45     1   2  2  

Penalty Kill 4 Players Defense
   Defense                  Defense                  Time % Phy DF OF 
 1 Joshua Morrissey         Cody Ceci                55     1   2  2  
 2 Michal Kempny            Scott Mayfield           45     1   2  2  

Penalty Kill - 3 Players Forward 
   Forward                                           Time % Phy DF OF 
 1 Dylan Larkin                                      55     1   2  2  
 2 Mitchell Marner                                   45     1   2  2  

Penalty Kill - 3 Players Defense
   Defense                  Defense                  Time % Phy DF OF 
 1 Joshua Morrissey         Cody Ceci                55     1   2  2  
 2 Michal Kempny            Scott Mayfield           45     1   2  2  

4 vs 4 Forward 
   Center                   Wing                     Time % Phy DF OF 
 1 Mathew Barzal            Mitchell Marner          55     1   2  2  
 2 Dylan Larkin             Mikko Rantanen           45     1   2  2  

4 vs 4 Defense
   Defense                  Defense                  Time % Phy DF OF 
 1 Joshua Morrissey         Anthony DeAngelo         55     1   2  2  
 2 Cody Ceci                Michal Kempny            45     1   2  2  

Last Minutes Offensive
   Center                   Left Wing                Right Wing               Defense                  Defense                  
   Dylan Larkin             Mikko Rantanen           Mitchell Marner          Joshua Morrissey         Anthony DeAngelo         

Last Minutes Defensive
   Center                   Left Wing                Right Wing               Defense                  Defense                  
   Dylan Larkin             Mikko Rantanen           Mitchell Marner          Joshua Morrissey         Anthony DeAngelo         

Goaltenders
Starting : Mike Smith               
Backup : Juuse Saros              

Extra Forwards
Normal : Par Lindholm, Martin Necas, Mitchell Marner - PP : Martin Necas, Par Lindholm - PK : Mathew Barzal
Extra Defensemen
Normal : Michal Kempny, Scott Mayfield, Anthony DeAngelo - PP : Michal Kempny - PK : Scott Mayfield, Anthony DeAngelo
Penalty Shots
Mikko Rantanen, Mitchell Marner, Martin Necas, Mathew Barzal, Marcus Johansson
Custom OT Lines Forwards
Dylan Larkin, Mitchell Marner, Mikko Rantanen, Mathew Barzal, Matthew Calvert, Marcus Johansson, Martin Necas, Casey Cizikas, Par Lindholm, Trevor Lewis
Custom OT Lines Defensemen
Joshua Morrissey, Cody Ceci, Anthony DeAngelo, Adam Larsson, Michal Kempny

Scratches
Andrew Welinski (Healthy), Calle Rosen (Healthy), Devante Stephens (Healthy), Jimmy Schuldt (Healthy), Kevin Gravel (Healthy)
Nicolas Kerdiles (Healthy), Scott Kosmachuk (Healthy), Harri Sateri (Healthy)

% Time on Ice - PORTLAND PIRATES

Lines # - Real PCT - Wanted PCT - Time Play
Normal Forward
1 - 34% - 33% - 15:26
2 - 29% - 33% - 12:53
3 - 25% - 27% - 11:28
4 - 12% - 7% - 5:12
Normal Defense
1 - 33% - 34% - 14:40
2 - 34% - 34% - 15:24
3 - 29% - 27% - 13:15
4 - 4% - 5% - 1:40
PP Forward
1 - 56% - 60% - 4:26
2 - 44% - 40% - 3:30
PP Defense
1 - 51% - 60% - 4:01
2 - 49% - 40% - 3:55
PK Forward
1 - 66% - 60% - 4:27
2 - 34% - 40% - 2:16
PK Defense
1 - 47% - 60% - 3:11
2 - 53% - 40% - 3:32
PK3 Forward
1 - 0% - 60%
2 - 0% - 40%
PK3 Defense
1 - 0% - 60%
2 - 0% - 40%
44 Forward
1 - 0% - 60%
2 - 0% - 40%
44 Defense
1 - 0% - 60%
2 - 0% - 40%
Last Minute Offensive  - 0:00
Last Minute Defensive  - 0:22
Total
Forward - 60:00
Defense - 60:00

% Time on Ice - SALEM BLACK JAYS

Lines # - Real PCT - Wanted PCT - Time Play
Normal Forward
1 - 33% - 36% - 14:49
2 - 34% - 36% - 15:11
3 - 24% - 20% - 11:00
4 - 9% - 8% - 4:10
Normal Defense
1 - 29% - 36% - 13:12
2 - 31% - 31% - 14:04
3 - 33% - 23% - 14:44
4 - 7% - 10% - 3:10
PP Forward
1 - 55% - 55% - 3:41
2 - 45% - 45% - 3:02
PP Defense
1 - 51% - 55% - 3:24
2 - 49% - 45% - 3:19
PK Forward
1 - 63% - 55% - 4:59
2 - 37% - 45% - 2:57
PK Defense
1 - 60% - 55% - 4:47
2 - 40% - 45% - 3:09
PK3 Forward
1 - 0% - 55%
2 - 0% - 45%
PK3 Defense
1 - 0% - 55%
2 - 0% - 45%
44 Forward
1 - 0% - 55%
2 - 0% - 45%
44 Defense
1 - 0% - 55%
2 - 0% - 45%
Last Minute Offensive  - 0:11
Last Minute Defensive  - 0:00
Total
Forward - 60:00
Defense - 60:00

Play-by-Play

1st period


0:01 of 1st period - Jonathan Toews wins face-off versus Dylan Larkin in neutral zone.
0:04 of 1st period - Joshua Morrissey is hit by Travis Konecny and loses puck.
0:19 of 1st period - Shot by Mitchell Marner.
0:19 of 1st period - Shot Misses the Net.
0:21 of 1st period - Shot by Dylan Larkin.
0:21 of 1st period - Stopped by Henrik Lundqvist without a rebound.
0:22 of 1st period - Eric Staal wins face-off versus Mathew Barzal in PORTLAND PIRATES zone.
0:22 of 1st period - Rickard Rakell is hit by Marcus Johansson and loses puck.
1:46 of 1st period - Icing by Brian Dumoulin.
1:47 of 1st period - Dylan Larkin wins face-off versus Pavel Zacha in PORTLAND PIRATES zone.
1:47 of 1st period - Mitchell Marner is hit by Brian Dumoulin and loses puck.
1:54 of 1st period - Shot by Dylan Larkin.
1:54 of 1st period - Shot Misses the Net.
1:56 of 1st period - Shot by Dylan Larkin.
1:56 of 1st period - Stopped by Henrik Lundqvist without a rebound.
1:57 of 1st period - Jonathan Toews wins face-off versus Mitchell Marner in PORTLAND PIRATES zone.
1:57 of 1st period - Rasmus Ristolainen is hit by Dylan Larkin and loses puck.
2:11 of 1st period - Icing by Brett Pesce.
2:12 of 1st period - Jonathan Toews wins face-off versus Par Lindholm in PORTLAND PIRATES zone.
2:25 of 1st period - Shot by Jonathan Toews.
2:25 of 1st period - Stopped by Mike Smith with a rebound.
3:25 of 1st period - Alex Chiasson is hit by Joshua Morrissey and loses puck.
3:57 of 1st period - Shot by Rickard Rakell.
3:57 of 1st period - Shot Misses the Net.
3:59 of 1st period - Shot by Travis Hamonic.
3:59 of 1st period - Shot Misses the Net.
4:11 of 1st period - Shot by Yanni Gourde.
4:11 of 1st period - Stopped by Mike Smith with a rebound.
4:17 of 1st period - Shot by Thomas Chabot.
4:17 of 1st period - Shot Misses the Net.
4:19 of 1st period - Shot by Yanni Gourde.
4:19 of 1st period - Goal by Yanni Gourde - PORTLAND PIRATES : 1 - SALEM BLACK JAYS : 0.
4:20 of 1st period - Dylan Larkin wins face-off versus Jonathan Toews in neutral zone.
4:27 of 1st period - Shot by Mitchell Marner.
4:27 of 1st period - Deflect By Dylan Larkin.
4:27 of 1st period - Stopped by Henrik Lundqvist without a rebound.
4:28 of 1st period - Mikko Rantanen wins face-off versus Jonathan Toews in PORTLAND PIRATES zone.
4:28 of 1st period - Mikko Rantanen is hit by Rasmus Ristolainen.
4:54 of 1st period - Shot by Jonathan Toews.
4:54 of 1st period - Stopped by Mike Smith without a rebound.
4:55 of 1st period - Dylan Larkin wins face-off versus Jason Dickinson in SALEM BLACK JAYS zone.
6:14 of 1st period - Shot by Mathew Barzal.
6:14 of 1st period - Shot Blocked by Thomas Chabot.
8:04 of 1st period - Shot by Mathew Barzal.
8:04 of 1st period - Stopped by Henrik Lundqvist with a rebound.
8:41 of 1st period - Mitchell Marner is hit by Brian Dumoulin and loses puck.
9:03 of 1st period - Shot by Casey Cizikas.
9:03 of 1st period - Stopped by Henrik Lundqvist without a rebound.
9:04 of 1st period - Casey Cizikas wins face-off versus Jason Dickinson in PORTLAND PIRATES zone.
9:11 of 1st period - Shot by Par Lindholm.
9:11 of 1st period - Shot Blocked by Jason Dickinson.
9:13 of 1st period - Shot by Casey Cizikas.
9:13 of 1st period - Shot Misses the Net.
9:15 of 1st period - Shot by Par Lindholm.
9:15 of 1st period - Stopped by Henrik Lundqvist without a rebound.
9:16 of 1st period - Mathew Barzal wins face-off versus Eric Staal in PORTLAND PIRATES zone.
9:20 of 1st period - Double Minor Penalty to Travis Hamonic for High sticking.
9:21 of 1st period - Yanni Gourde wins face-off versus Mathew Barzal in PORTLAND PIRATES zone.
9:21 of 1st period - Yanni Gourde is hit by Marcus Johansson.
9:33 of 1st period - Mikko Rantanen is hit by Rickard Rakell and loses puck.
9:40 of 1st period - Shot by Cody Ceci.
9:40 of 1st period - Stopped by Henrik Lundqvist without a rebound.
9:41 of 1st period - Yanni Gourde wins face-off versus Dylan Larkin in PORTLAND PIRATES zone.
10:06 of 1st period - Shot by Mitchell Marner.
10:06 of 1st period - Goal by Mitchell Marner - PORTLAND PIRATES : 1 - SALEM BLACK JAYS : 1.
10:07 of 1st period - Yanni Gourde wins face-off versus Mathew Barzal in neutral zone.
10:26 of 1st period - Cody Ceci is hit by Yanni Gourde and loses puck.
10:30 of 1st period - Icing by Cody Ceci.
10:31 of 1st period - Eric Staal wins face-off versus Mathew Barzal in SALEM BLACK JAYS zone.
11:20 of 1st period - Shot by Matthew Calvert.
11:20 of 1st period - Stopped by Henrik Lundqvist without a rebound.
11:21 of 1st period - Dylan Larkin wins face-off versus Yanni Gourde in PORTLAND PIRATES zone.
11:38 of 1st period - Shot by Matthew Calvert.
11:38 of 1st period - Stopped by Henrik Lundqvist without a rebound.
11:39 of 1st period - Yanni Gourde wins face-off versus Dylan Larkin in PORTLAND PIRATES zone.
12:34 of 1st period - Pavel Zacha is hit by Adam Larsson and loses puck.
12:41 of 1st period - Shot by Alex Chiasson.
12:41 of 1st period - Stopped by Mike Smith without a rebound.
12:42 of 1st period - Jonathan Toews wins face-off versus Marcus Johansson in SALEM BLACK JAYS zone.
12:42 of 1st period - Mike Hoffman is hit by Michal Kempny and loses puck.
12:56 of 1st period - Shot by Mikko Rantanen.
12:56 of 1st period - Shot Misses the Net.
12:58 of 1st period - Shot by Marcus Johansson.
12:58 of 1st period - Stopped by Henrik Lundqvist without a rebound.
12:59 of 1st period - Eric Staal wins face-off versus Matthew Calvert in PORTLAND PIRATES zone.
13:39 of 1st period - Brian Dumoulin is hit by Matthew Calvert and loses puck.
14:03 of 1st period - Off-side.
14:04 of 1st period - Mathew Barzal wins face-off versus Pavel Zacha in neutral zone.
14:15 of 1st period - Shot by Mikko Rantanen.
14:15 of 1st period - Stopped by Henrik Lundqvist with a rebound.
14:18 of 1st period - Minor Penalty to Mathew Barzal for Roughing.
14:19 of 1st period - Jonathan Toews wins face-off versus Mikko Rantanen in SALEM BLACK JAYS zone.
15:36 of 1st period - Icing by Rasmus Ristolainen.
15:37 of 1st period - Mikko Rantanen wins face-off versus Eric Staal in PORTLAND PIRATES zone.
15:48 of 1st period - Shot by Eric Staal.
15:48 of 1st period - Stopped by Mike Smith without a rebound.
15:49 of 1st period - Jonathan Toews wins face-off versus Dylan Larkin in SALEM BLACK JAYS zone.
15:50 of 1st period - Shot by Travis Konecny.
15:50 of 1st period - Shot Blocked by Scott Mayfield.
16:06 of 1st period - Shot by Jonathan Toews.
16:06 of 1st period - Shot Misses the Net.
16:08 of 1st period - Shot by Travis Konecny.
16:08 of 1st period - Stopped by Mike Smith without a rebound.
16:09 of 1st period - Dylan Larkin wins face-off versus Eric Staal in SALEM BLACK JAYS zone.
16:17 of 1st period - Icing by Rasmus Ristolainen.
16:18 of 1st period - Jason Dickinson wins face-off versus Casey Cizikas in PORTLAND PIRATES zone.
16:18 of 1st period - Jason Dickinson is hit by Casey Cizikas.
16:19 of 1st period - Minor Penalty to Martin Necas for Hooking.
16:20 of 1st period - Jonathan Toews wins face-off versus Mikko Rantanen in SALEM BLACK JAYS zone.
16:40 of 1st period - Icing by Travis Konecny.
16:41 of 1st period - Jonathan Toews wins face-off versus Mikko Rantanen in PORTLAND PIRATES zone.
17:50 of 1st period - Shot by Thomas Chabot.
17:50 of 1st period - Shot Misses the Net.
18:38 of 1st period - Shot by Mathew Barzal.
18:38 of 1st period - Shot Misses the Net.
19:55 of 1st period - Shot by Casey Cizikas.
19:55 of 1st period - Deflect By Martin Necas.
19:55 of 1st period - Stopped by Henrik Lundqvist without a rebound.
19:56 of 1st period - Casey Cizikas wins face-off versus Yanni Gourde in PORTLAND PIRATES zone.
Goals for this period are 1 for PORTLAND PIRATES vs 1 for SALEM BLACK JAYS.
Shots for this period are 7 for PORTLAND PIRATES vs 13 for SALEM BLACK JAYS.

2nd period


0:01 of 2nd period - Mathew Barzal wins face-off versus Jonathan Toews in neutral zone.
0:10 of 2nd period - Shot by Mathew Barzal.
0:10 of 2nd period - Stopped by Henrik Lundqvist with a rebound.
0:19 of 2nd period - Off-side.
0:20 of 2nd period - Pavel Zacha wins face-off versus Matthew Calvert in neutral zone.
0:42 of 2nd period - Icing by Dylan Larkin.
0:43 of 2nd period - Jonathan Toews wins face-off versus Dylan Larkin in SALEM BLACK JAYS zone.
0:58 of 2nd period - Shot by Dylan Larkin.
0:58 of 2nd period - Stopped by Henrik Lundqvist without a rebound.
0:59 of 2nd period - Mathew Barzal wins face-off versus Pavel Zacha in PORTLAND PIRATES zone.
0:59 of 2nd period - Mikko Rantanen is hit by Travis Hamonic and loses puck.
1:14 of 2nd period - Shot by Mathew Barzal.
1:14 of 2nd period - Stopped by Henrik Lundqvist without a rebound.
1:15 of 2nd period - Casey Cizikas wins face-off versus Jonathan Toews in PORTLAND PIRATES zone.
1:16 of 2nd period - Shot by Martin Necas.
1:16 of 2nd period - Shot Misses the Net.
1:26 of 2nd period - Travis Konecny is hit by Par Lindholm and loses puck.
2:57 of 2nd period - Minor Penalty to Matthew Calvert for Tripping.
2:58 of 2nd period - Jonathan Toews wins face-off versus Mikko Rantanen in SALEM BLACK JAYS zone.
3:15 of 2nd period - Shot by Mike Hoffman.
3:15 of 2nd period - Stopped by Mike Smith without a rebound.
3:16 of 2nd period - Eric Staal wins face-off versus Dylan Larkin in SALEM BLACK JAYS zone.
4:54 of 2nd period - Shot by Jonathan Toews.
4:54 of 2nd period - Shot Misses the Net.
5:14 of 2nd period - Adam Larsson is hit by William Carrier and loses puck.
5:31 of 2nd period - Shot by Jason Dickinson.
5:31 of 2nd period - Shot Blocked by Jason Demers.
5:48 of 2nd period - Icing by Rasmus Ristolainen.
5:49 of 2nd period - Dylan Larkin wins face-off versus Jonathan Toews in PORTLAND PIRATES zone.
6:07 of 2nd period - Shot by Mike Hoffman.
6:07 of 2nd period - Shot Hit the Post.
6:57 of 2nd period - Off-side.
6:58 of 2nd period - Mathew Barzal wins face-off versus Pavel Zacha in neutral zone.
7:11 of 2nd period - Shot by Mathew Barzal.
7:11 of 2nd period - Shot Blocked by Brian Dumoulin.
7:30 of 2nd period - Shot by Mikko Rantanen.
7:30 of 2nd period - Deflect By Mathew Barzal.
7:30 of 2nd period - Shot Misses the Net.
8:07 of 2nd period - Icing by Adam Larsson.
8:08 of 2nd period - Eric Staal wins face-off versus Martin Necas in SALEM BLACK JAYS zone.
8:17 of 2nd period - Shot by Rickard Rakell.
8:17 of 2nd period - Stopped by Mike Smith without a rebound.
8:18 of 2nd period - Dylan Larkin wins face-off versus Jonathan Toews in SALEM BLACK JAYS zone.
8:33 of 2nd period - Dylan Larkin is hit by Rasmus Ristolainen and loses puck.
8:50 of 2nd period - Dylan Larkin is hit by Travis Konecny and loses puck.
9:27 of 2nd period - Shot by Rickard Rakell.
9:27 of 2nd period - Deflect By Eric Staal.
9:27 of 2nd period - Stopped by Mike Smith without a rebound.
9:28 of 2nd period - Brett Connolly wins face-off versus Mathew Barzal in SALEM BLACK JAYS zone.
9:45 of 2nd period - Brett Connolly is hit by Cody Ceci and loses puck.
9:52 of 2nd period - Alex Chiasson is hit by Mikko Rantanen.
10:50 of 2nd period - Casey Cizikas is hit by Thomas Chabot and loses puck.
11:03 of 2nd period - Shot by Eric Staal.
11:03 of 2nd period - Shot Misses the Net.
11:05 of 2nd period - Shot by Rickard Rakell.
11:05 of 2nd period - Shot Misses the Net.
11:07 of 2nd period - Shot by Travis Hamonic.
11:07 of 2nd period - Goal by Travis Hamonic - PORTLAND PIRATES : 2 - SALEM BLACK JAYS : 1.
11:08 of 2nd period - Jonathan Toews wins face-off versus Dylan Larkin in neutral zone.
11:10 of 2nd period - Travis Konecny is hit by Michal Kempny and loses puck.
11:14 of 2nd period - Icing by Michal Kempny.
11:15 of 2nd period - Dylan Larkin wins face-off versus Jonathan Toews in SALEM BLACK JAYS zone.
11:36 of 2nd period - Shot by Mitchell Marner.
11:36 of 2nd period - Shot Blocked by Jonathan Toews.
11:44 of 2nd period - Shot by Mitchell Marner.
11:44 of 2nd period - Deflect By Dylan Larkin.
11:44 of 2nd period - Goal by Dylan Larkin - PORTLAND PIRATES : 2 - SALEM BLACK JAYS : 2.
11:45 of 2nd period - Eric Staal wins face-off versus Mathew Barzal in neutral zone.
12:01 of 2nd period - Shot by Mikko Rantanen.
12:01 of 2nd period - Stopped by Henrik Lundqvist without a rebound.
12:02 of 2nd period - Casey Cizikas wins face-off versus Pavel Zacha in PORTLAND PIRATES zone.
12:02 of 2nd period - Casey Cizikas is hit by Brian Dumoulin.
12:26 of 2nd period - Casey Cizikas is hit by Brett Connolly and loses puck.
12:30 of 2nd period - Off-side.
12:31 of 2nd period - Eric Staal wins face-off versus Mathew Barzal in neutral zone.
13:12 of 2nd period - Icing by Travis Hamonic.
13:13 of 2nd period - Dylan Larkin wins face-off versus Eric Staal in PORTLAND PIRATES zone.
13:45 of 2nd period - Icing by Rasmus Ristolainen.
13:46 of 2nd period - Casey Cizikas wins face-off versus Jonathan Toews in PORTLAND PIRATES zone.
14:22 of 2nd period - Shot by Jonathan Toews.
14:22 of 2nd period - Shot Misses the Net.
14:24 of 2nd period - Shot by Brett Pesce.
14:24 of 2nd period - Shot Misses the Net.
14:41 of 2nd period - Off-side.
14:42 of 2nd period - Pavel Zacha wins face-off versus Dylan Larkin in neutral zone.
15:21 of 2nd period - Shot by Dylan Larkin.
15:21 of 2nd period - Stopped by Henrik Lundqvist without a rebound.
15:22 of 2nd period - Eric Staal wins face-off versus Mathew Barzal in PORTLAND PIRATES zone.
15:27 of 2nd period - Shot by Rickard Rakell.
15:27 of 2nd period - Stopped by Mike Smith with a rebound.
16:33 of 2nd period - Shot by Dylan Larkin.
16:33 of 2nd period - Deflect By Mitchell Marner.
16:33 of 2nd period - Shot Hit the Post.
16:39 of 2nd period - Shot by Jonathan Toews.
16:39 of 2nd period - Shot Misses the Net.
16:41 of 2nd period - Shot by Jonathan Toews.
16:41 of 2nd period - Stopped by Mike Smith without a rebound.
16:42 of 2nd period - Trevor Lewis wins face-off versus Pavel Zacha in SALEM BLACK JAYS zone.
16:49 of 2nd period - Shot by Par Lindholm.
16:49 of 2nd period - Shot Misses the Net.
16:52 of 2nd period - Icing by Travis Hamonic.
16:53 of 2nd period - Dylan Larkin wins face-off versus Pavel Zacha in PORTLAND PIRATES zone.
18:02 of 2nd period - Shot by Casey Cizikas.
18:02 of 2nd period - Shot Misses the Net.
18:32 of 2nd period - Shot by Jonathan Toews.
18:32 of 2nd period - Stopped by Mike Smith with a rebound.
19:08 of 2nd period - Shot by Jonathan Toews.
19:08 of 2nd period - Shot Misses the Net.
19:13 of 2nd period - Casey Cizikas is hit by Travis Konecny and loses puck.
19:27 of 2nd period - Icing by Rasmus Ristolainen.
19:28 of 2nd period - Mathew Barzal wins face-off versus Jonathan Toews in PORTLAND PIRATES zone.
19:28 of 2nd period - Mikko Rantanen is hit by Rasmus Ristolainen and loses puck.
19:59 of 2nd period - Shot by Mathew Barzal.
19:59 of 2nd period - Deflect By Mikko Rantanen.
19:59 of 2nd period - Shot Blocked by Brian Dumoulin.
Goals for this period are 1 for PORTLAND PIRATES vs 1 for SALEM BLACK JAYS.
Shots for this period are 7 for PORTLAND PIRATES vs 6 for SALEM BLACK JAYS.

3rd period


0:01 of 3rd period - Mathew Barzal wins face-off versus Eric Staal in neutral zone.
0:08 of 3rd period - Shot by Mathew Barzal.
0:08 of 3rd period - Shot Blocked by Rasmus Ristolainen.
1:24 of 3rd period - Shot by Jonathan Toews.
1:24 of 3rd period - Goal by Jonathan Toews - PORTLAND PIRATES : 3 - SALEM BLACK JAYS : 2.
1:25 of 3rd period - Dylan Larkin wins face-off versus Pavel Zacha in neutral zone.
1:59 of 3rd period - Minor Penalty to Joshua Morrissey for Unsportsmanlike conduct.
2:00 of 3rd period - Mike Hoffman wins face-off versus Dylan Larkin in SALEM BLACK JAYS zone.
2:03 of 3rd period - Shot by Travis Konecny.
2:03 of 3rd period - Shot Misses the Net.
2:05 of 3rd period - Shot by Travis Konecny.
2:05 of 3rd period - Stopped by Mike Smith without a rebound.
2:06 of 3rd period - Mikko Rantanen wins face-off versus Jonathan Toews in SALEM BLACK JAYS zone.
2:06 of 3rd period - Mikko Rantanen is hit by Jonathan Toews.
2:28 of 3rd period - Shot by Travis Konecny.
2:28 of 3rd period - Shot Misses the Net.
2:30 of 3rd period - Shot by Rasmus Ristolainen.
2:30 of 3rd period - Stopped by Mike Smith without a rebound.
2:31 of 3rd period - Eric Staal wins face-off versus Mikko Rantanen in SALEM BLACK JAYS zone.
4:18 of 3rd period - Shot by Alex Chiasson.
4:18 of 3rd period - Shot Misses the Net.
4:20 of 3rd period - Shot by Brian Dumoulin.
4:20 of 3rd period - Stopped by Mike Smith without a rebound.
4:21 of 3rd period - Eric Staal wins face-off versus Casey Cizikas in SALEM BLACK JAYS zone.
4:37 of 3rd period - Minor Penalty to Eric Staal for Roughing.
4:38 of 3rd period - Yanni Gourde wins face-off versus Dylan Larkin in PORTLAND PIRATES zone.
6:07 of 3rd period - William Carrier is hit by Dylan Larkin and loses puck.
6:20 of 3rd period - Brian Dumoulin is hit by Matthew Calvert and loses puck.
6:25 of 3rd period - Shot by Dylan Larkin.
6:25 of 3rd period - Shot Misses the Net.
6:27 of 3rd period - Shot by Dylan Larkin.
6:27 of 3rd period - Stopped by Henrik Lundqvist without a rebound.
6:28 of 3rd period - Mathew Barzal wins face-off versus Jason Dickinson in PORTLAND PIRATES zone.
6:49 of 3rd period - Kyle Clifford is hit by Travis Konecny and loses puck.
9:01 of 3rd period - Shot by Pavel Zacha.
9:01 of 3rd period - Shot Misses the Net.
9:20 of 3rd period - Shot by Brett Connolly.
9:20 of 3rd period - Shot Blocked by Anthony DeAngelo.
9:51 of 3rd period - Icing by Jason Demers.
9:52 of 3rd period - Martin Necas wins face-off versus Eric Staal in SALEM BLACK JAYS zone.
10:29 of 3rd period - Icing by Eric Staal.
10:30 of 3rd period - Mathew Barzal wins face-off versus Eric Staal in PORTLAND PIRATES zone.
10:31 of 3rd period - Shot by Mikko Rantanen.
10:31 of 3rd period - Deflect By Mathew Barzal.
10:31 of 3rd period - Stopped by Henrik Lundqvist without a rebound.
10:32 of 3rd period - Mathew Barzal wins face-off versus Jason Dickinson in PORTLAND PIRATES zone.
10:32 of 3rd period - Mathew Barzal is hit by Aaron Ness.
10:45 of 3rd period - Icing by Brian Dumoulin.
10:46 of 3rd period - Mathew Barzal wins face-off versus Jason Dickinson in PORTLAND PIRATES zone.
10:56 of 3rd period - Minor Penalty to Brian Dumoulin for Tripping.
10:57 of 3rd period - Yanni Gourde wins face-off versus Dylan Larkin in PORTLAND PIRATES zone.
11:02 of 3rd period - Michal Kempny is hit by Rickard Rakell and loses puck.
11:33 of 3rd period - Shot by Dylan Larkin.
11:33 of 3rd period - Shot Blocked by Travis Hamonic.
12:00 of 3rd period - Eric Staal is hit by Marcus Johansson and loses puck.
12:58 of 3rd period - Icing by Dylan Larkin.
12:59 of 3rd period - Jonathan Toews wins face-off versus Casey Cizikas in SALEM BLACK JAYS zone.
14:34 of 3rd period - Shot by Mikko Rantanen.
14:34 of 3rd period - Shot Blocked by Brett Pesce.
15:13 of 3rd period - Off-side.
15:14 of 3rd period - Eric Staal wins face-off versus Par Lindholm in neutral zone.
16:21 of 3rd period - Travis Konecny is hit by Dylan Larkin and loses puck.
18:32 of 3rd period - Shot by Casey Cizikas.
18:32 of 3rd period - Shot Misses the Net.
18:34 of 3rd period - Shot by Casey Cizikas.
18:34 of 3rd period - Stopped by Henrik Lundqvist with a rebound.
18:36 of 3rd period - Shot by Par Lindholm.
18:36 of 3rd period - Shot Misses the Net.
18:38 of 3rd period - Shot by Casey Cizikas.
18:38 of 3rd period - Shot Blocked by Thomas Chabot.
18:40 of 3rd period - Shot by Cody Ceci.
18:40 of 3rd period - Stopped by Henrik Lundqvist without a rebound.
18:41 of 3rd period - Dylan Larkin wins face-off versus Eric Staal in PORTLAND PIRATES zone.
19:00 of 3rd period - SALEM BLACK JAYS, Mike Smith is pulled from the net.
19:43 of 3rd period - Off-side.
19:44 of 3rd period - Jonathan Toews wins face-off versus Par Lindholm in neutral zone.
19:54 of 3rd period - Shot by Jonathan Toews.
19:54 of 3rd period - Goal by Jonathan Toews - PORTLAND PIRATES : 4 - SALEM BLACK JAYS : 2.
19:54 of 3rd period - Mike Smith from SALEM BLACK JAYS was sent back in the game.
19:55 of 3rd period - Par Lindholm wins face-off versus Brett Connolly in neutral zone.
Goals for this period are 2 for PORTLAND PIRATES vs 0 for SALEM BLACK JAYS.
Shots for this period are 5 for PORTLAND PIRATES vs 4 for SALEM BLACK JAYS.


DARCY
KUEMPER
JAKE
OETTINGER
NINO
NIEDERREITER

EAST COAST

HOCKEY LEAGUE

  • 1.CHI2QUE4
  • 2.LIM2CHA3
  • 3.LON3TRV5
  • 4.BAL5CHW6
  • 5.MANPIT
  • 6.NHWATL
  • 7.PETWOR
  • 8.RHI